 Dungeon Crawl Stone Soup version 0.31-a0-851-g7ff8af7976 (webtiles) character file.

Game seed: 17528609704476510739

331 gruber the Chiller (level 6, 0/41 HPs)
             Began as a Demonspawn Ice Elementalist on Oct 5, 2023.
             Was a Follower of Vehumet.
             Slain by a shadow imp (4 damage)
             ... summoned by Eustachio
             ... on level 4 of the Dungeon.
             The game lasted 00:03:58 (2704 turns).

gruber the Chiller (Demonspawn Ice Elementalist)    Turns: 2704, Time: 00:03:59

Health: 0/41       AC:  2    Str: 15    XL:     6   Next: 26%
Magic:  0/9        EV: 17    Int: 18    God:    Vehumet [*.....]
Gold:   46         SH:  0    Dex: 13    Spells: 2/9 levels left

rFire   . . .        i - +0 dagger
rCold   . . .        (no shield)
rNeg    . . .        a - +0 robe
rPois   .            (no helmet)
rElec   .            (no cloak)
rCorr   .            (no gloves)
SInv    .            (no boots)
Will    .....        (no amulet)
Stlth   ++           f - +6 ring of strength
HPRegen 0.26/turn    (no ring)
MPRegen 0.11/turn

%: no passive effects
@: agile
A: powered by pain 1, demonic magic 2, weakness stinger 1
a: Renounce Religion


You were on level 4 of the Dungeon.
You worshipped Vehumet.
Vehumet was aware of your devotion.
You visited 1 branch of the dungeon, and saw 6 of its levels.

You collected 46 gold pieces.

Inventory:

Hand Weapons
 i - a +0 dagger (weapon)
Armour
 a - a +0 robe (worn)
Magical Staves
 n - a staff of fire
Jewellery
 f - a +6 ring of strength (left hand)
Wands
 q - a wand of flame (5)
Scrolls
 c - 2 scrolls of enchant armour {unknown}
 e - 3 scrolls of identify {unknown}
 j - a scroll of butterflies {unknown}
 l - a scroll of vulnerability {unknown}
 m - a scroll of poison {unknown}
 o - 2 scrolls of teleportation {unknown}
 p - a scroll of brand weapon {unknown}
Potions
 b - a potion of magic
 d - a potion of ambrosia {unknown}
 g - a potion of brilliance {unknown}
 h - a potion of heal wounds {unknown}
 k - a potion of enlightenment {unknown}
 r - a potion of lignification {unknown}


   Skills:
 - Level 1.7 Dodging
 * Level 3.8 Stealth
 - Level 2.0 Spellcasting
 - Level 6.1 Ice Magic


You had 2 spell levels left.
You knew the following spells:

 Your Spells              Type           Power      Damage    Failure   Level
a - Freeze                Ice            92%        1d9       1%          1
b - Frozen Ramparts       Ice            46%        1d7       4%          3
c - Ozocubu's Armour      Ice            23%        N/A       4%          3

Your spell library contained the following spells:

 Spells                   Type           Power      Damage    Failure   Level
 Sandblast                Erth           2%         2d4       19%         1
 Apportation              Tloc           2%         N/A       19%         1
 Jinxbite                 Hex            2%         N/A       26%         2
 Hailstorm                Conj/Ice       12%        3d5       16%         3
 Summon Ice Beast         Ice/Summ       12%        N/A       45%         4
 Alistair's Intoxication  Tmut/Pois      0%         N/A       99%         5
 Simulacrum               Ice/Necr       6%         N/A       100%        6


Dungeon Overview and Level Annotations

Branches:
Dungeon (6/15)
 Temple: D:4-7

Altars:
Trog
Vehumet

Annotations:
D:4 Eustachio


Innate Abilities, Weirdness & Mutations

You sometimes gain a little power by taking damage.
Spells you cast may paralyse nearby enemies.
You have a small tail.


Message History

The puff of flame hits Eustachio but does no damage.
Eustachio is severely wounded.
Eustachio mumbles some strange words.
The shadow imp gestures at you.
You barely resist.
Unknown command.
Aiming: Throw Flame
Press: ? - help, Shift-Dir - straight line, f/p - Eustachio
Aim: Eustachio, wielding a +0 falchion and wearing a +0 leather armour of fire resistance (severely wounded, 56% to hit)
The puff of flame hits Eustachio.
Eustachio resists.
Eustachio is severely wounded.
Eustachio gestures wildly while chanting.
The shadow imp completely misses you.
Unknown command.
Aiming: Throw Flame
Press: ? - help, Shift-Dir - straight line, f/p - Eustachio
Aim: Eustachio, wielding a +0 falchion and wearing a +0 leather armour of fire resistance (severely wounded, 56% to hit)
The puff of flame misses Eustachio.
The puff of flame hits the rat.
You kill the rat!
The rat's corpse disappears in a puff of smoke!
Eustachio hits you with a +0 falchion. The shadow imp misses you.
Unknown command.
Aiming: Throw Flame
Press: ? - help, Shift-Dir - straight line, f/p - Eustachio
Aim: Eustachio, wielding a +0 falchion and wearing a +0 leather armour of fire resistance (severely wounded, 56% to hit)
The puff of flame hits Eustachio.
Eustachio resists.
Eustachio is almost dead.
Eustachio hits you with a +0 falchion!
* * * LOW HITPOINT WARNING * * *
You focus on the pain.
You feel more agile all of a sudden. The shadow imp closely misses you.
Unknown command.
Aiming: Throw Flame
Press: ? - help, Shift-Dir - straight line, f/p - Eustachio
Aim: Eustachio, wielding a +0 falchion and wearing a +0 leather armour of fire resistance (almost dead, 56% to hit)
The puff of flame misses Eustachio.
The puff of flame hits the iron imp.
The iron imp completely resists.
Eustachio gestures wildly while chanting.
The shadow imp hits you.
You die...

#####.##......#
#).)#.#########
#)#.#.#
#)#.#.###############
#.#..[...............
#.###.#######...#### #
#.....# #...# ...
#############...#.....
.......5@@5r..........
.############†..#.....
#§..#..... #...# ....
#...# .. #...# ..B..
......


You could see Eustachio, an iron imp (summoned), a river rat (summoned) and a
shadow imp (summoned).

Vanquished Creatures
  A bullfrog zombie (D:6)
  A hound (D:4)
  An iguana (D:4)
  6 orc wizards
  A howler monkey zombie (D:6)
  3 adders
  2 dart slugs
  8 orcs
  2 bats (D:1)
  3 endoplasms
  3 giant cockroaches
  2 goblins
  2 hobgoblins
  5 jackals
  2 quokkas (D:2)
  2 ball pythons (D:2)
  A frilled lizard (D:2)
  3 kobolds
  3 rats
51 creatures vanquished.

Notes
Turn   | Place    | Note
-------+----------+-------------------------------------------
     0 | D:1      | gruber the Demonspawn Ice Elementalist began the quest for
                  | the Orb.
     0 | D:1      | Reached XP level 1. HP: 13/13 MP: 3/3
   174 | D:1      | Reached skill level 4 in Ice Magic
   268 | D:1      | Gained mutation: Spells you cast may paralyse adjacent
                  | enemies. [demonic ancestry]
   268 | D:1      | Reached XP level 2. HP: 17/19 MP: 1/5
   499 | D:1      | Found a faded altar of an unknown god.
  1169 | D:2      | Gained mutation: You have a small tail. [demonic ancestry]
  1169 | D:2      | Reached XP level 3. HP: 24/24 MP: 2/6
  1173 | D:2      | Learned a level 3 spell: Frozen Ramparts
  1831 | D:3      | Found a radiant altar of Vehumet.
  1832 | D:3      | Found a bloodstained altar of Trog.
  1842 | D:3      | Became a worshipper of Vehumet
  1857 | D:3      | Reached skill level 5 in Ice Magic
  1857 | D:3      | Gained mutation: You sometimes gain a little power by
                  | taking damage. [demonic ancestry]
  1857 | D:3      | Reached XP level 4. HP: 12/30 MP: 0/7
  1927 | D:3      | Gained mutation: Spells you cast may paralyse nearby
                  | enemies. [demonic ancestry]
  1927 | D:3      | Reached XP level 5. HP: 30/35 MP: 3/8
  2060 | D:3      | You fall into a shaft and drop 3 floors!
  2087 | D:6      | Reached skill level 6 in Ice Magic
  2146 | D:5      | Entered Level 5 of the Dungeon
  2250 | D:5      | Reached * piety under Vehumet
  2250 | D:5      | Offered knowledge of Sandblast by Vehumet.
  2334 | D:5      | Noticed a black bear
  2349 | D:4      | Learned a level 3 spell: Ozocubu's Armour
  2430 | D:4      | Reached XP level 6. HP: 35/41 MP: 6/9
  2644 | D:4      | Noticed Eustachio
  2704 | D:4      | Slain by a shadow imp

Illustrated notes

Levels and vault maps discovered:
D:1:      erik_arrival_orb_chamber, layout_basic, serial_bayou,
          serial_bayou_pond_d, serial_bayou_pond_e, serial_bayou_lake_a,
          serial_bayou_pond_e, serial_bayou_shore_b, serial_bayou_pond_c,
          shapermc_ecumenical_altar_starsandcircs
D:2:      layout_loops_ring, minmay_domino_4
D:3:      layout_rooms, nicolae_overflow_hidden_temple,
          chequers_temple_overflow_statue_of_worship, minivault_5, uniq_sigmund
D:4:      layout_basic, uniq_edmund, uniq_eustachio
D:5:      minmay_recursive_quarters, layout_cave_pools,
          mainiacjoe_overflow_catwalk, minmay_temple_entry_purple_smoke
D:6:      layout_rooms, lemuel_zombie_altar_yredelemnul

Skill      XL: |  1  2  3  4  5 |
---------------+----------------+-----
Ice Magic      | 4 5 6 |  6.1
Stealth        | 3 |  3.8
Dodging        | |  1.7
Spellcasting   | |  2.0

Action                     |  1- 3 |  4- 6 || total
---------------------------+-------+-------++-------
  Melee: Unarmed           |    17 |       ||    17
         Dagger            |    11 |    41 ||    52
         Short sword       |     1 |       ||     1
         Tailslap          |       |     6 ||     6
         Punch             |       |     1 ||     1
   Cast: Freeze            |    40 |    29 ||    69
         Frozen Ramparts   |     1 |     8 ||     9
         Ozocubu's Armour  |       |     2 ||     2
  Evoke: Wand              |       |     8 ||     8
    Use: Potion            |       |     1 ||     1
   Stab: Paralysed         |     2 |    10 ||    12
         Sleeping          |     2 |     5 ||     7
 Armour: Robe              |    38 |    33 ||    71
  Dodge: Dodged            |    35 |    42 ||    77

Table legend: (Time is in decaauts)
 A = Elapsed time spent in this place.
 B = Non-inter-level travel time spent in this place.
 C = Inter-level travel time spent in this place.
 D = Time resting spent in this place.
 E = Time spent auto-exploring this place.
 F = Levels seen in this place.
 G = Mean time per level.
                   A        B        C        D        E       F      G
               +--------+--------+--------+--------+--------+-----+--------+
         Total |   2739 |   2630 |    109 |      0 |   2188 |   6 |  456.5 |
       Dungeon |   2739 |   2630 |    109 |      0 |   2188 |   6 |  456.5 |
               +--------+--------+--------+--------+--------+-----+--------+

Top non-repeatable levels by time:
     D:1: 1071 daAuts
     D:2: 796 daAuts
     D:4: 359 daAuts
     D:3: 228 daAuts
     D:5: 197 daAuts
     D:6: 85 daAuts
